 Bloatcrawl 2 version 2.3.0-a0-108-gdc832c1 (webtiles) character file.

Game seed: 8821627237093251380, levelgen mode: deterministic

0 Someone4956 the Ducker (level 1, -4/19 HPs)
             Began as an Unfathomed Dwarf Alchemist on Jan 19, 2020.
             Slain by a gnoll
             ... wielding a +0 spear
              (6 damage)
             ... on level 1 of the Dungeon.
             The game lasted 00:00:48 (32 turns).

Someone4956 the Ducker (Unfathomed Dwarf Alchemist)   Turns: 32, Time: 00:00:49

Health: -4/19      AC:  0    Str: 13    XL:     1   Next: 8%
Magic:  1/1        EV: 14    Int: 13    God:
Gold:   0          SH:  0    Dex: 13    Spells: 0/0 levels left Game modifiers: Zombie

rFire    + . .     SeeInvis .   a - +0 dagger
rCold    + + .     Gourm    .   (no shield)
rNeg     + + +     Faith    .   b - +0 robe
rPois    ∞         Spirit   .   g - -2 hat of the Alchemist {rElec rPois rF+ rC+ rN+ MR+ rMut rCorr}
rElec    +         Reflect  .   (no cloak)
rCorr    +         Harm     .   (no gloves)
rMut     +                      (no boots)
MR       +....                  (no amulet)
Stlth    ++........             (no ring)
HPRegen  0.00/turn              (no ring)
MPRegen  0.07/turn

@: non-regenerating, rotting
A: damage resistance, brew ambrosia from overheal, unbreathing 1, negative
energy resistance 3, torment resistance 1, cold resistance 1, zombie 1,
inhibited regeneration 1, sense surroundings 1, no regeneration, heals on kill
a: no special abilities


You were on level 1 of the Dungeon.
You were not hungry.

You visited 1 branch of the dungeon, and saw 1 of its levels.

Inventory:

Hand Weapons
 a - a +0 dagger (weapon)
Armour
 b - a +0 robe (worn)
 g - the -2 hat of the Alchemist (worn) {rElec rPois rF+ rC+ rN+ MR+ rMut rCorr}

   It protects you from fire.
   It protects you from cold.
   It insulates you from electricity.
   It protects you from poison.
   It protects you from negative energy.
   It affects your resistance to hostile enchantments.
   It provides partial protection from all sources of acid and corrosion.
   It protects you from mutation.
Potions
 c - a potion of mutation
 d - a potion of lignification
 e - a potion of cancellation
 f - a potion of brilliance
Comestibles
 h - a ration
 i - a chunk of flesh


   Skills:
 + Level 1.7 Fighting
 + Level 0.0 Armour
 + Level 4.3 Dodging
 - Level 3.6 Stealth


You couldn't memorise any spells.
You didn't know any spells.
Your spell library was empty.

Dungeon Overview and Level Annotations

Branches:
Dungeon (1/15)

Altars:


Innate Abilities, Weirdness & Mutations

You are resistant to damage.
You turn leftover life essence into potions of ambrosia.
You are immune to poison.
You can survive without breathing.
You are immune to negative energy. (rN+++)
You are immune to unholy pain and torment.
Your flesh is cold resistant. (rC+)
You hunger for flesh and rot when hungry.
You do not regenerate when monsters are visible.
You passively map a small area around you.
You do not regenerate.
You may heal when you kill monsters.


Message History

You hit the gnoll.
The gnoll is moderately wounded.
The gnoll barely misses you.
You hit the gnoll.
The gnoll is moderately wounded.
The gnoll hits you with a +0 spear.
You hit the gnoll.
The gnoll is severely wounded.
The gnoll barely misses you.
You closely miss the gnoll.
The gnoll is severely wounded.
The gnoll closely misses you.
You hit the gnoll.
The gnoll is severely wounded.
The gnoll hits you with a +0 spear!
* * * LOW HITPOINT WARNING * * *
You hit the gnoll.
The gnoll is almost dead.
The gnoll hits you with a +0 spear!
You die...

*
############
,
......g@...#
*
##########.#
#.# #.# ,
*######.# * ,
,#..)...# ,
#......# **,
* ,, #.(....#
+ * *
##+###.....##


You could see a gnoll.

Vanquished Creatures
  A kobold (D:1)
1 creature vanquished.

Notes
Turn   | Place    | Note
-------+----------+-------------------------------------------
     0 | D:1      | Someone4956 the Unfathomed Dwarf Alchemist began the quest
                  | for the Orb.
     0 | D:1      | Reached XP level 1. HP: 19/19 MP: 1/1
    32 | D:1      | Slain by a gnoll

Levels and vault maps discovered:
D:1:      dpeg_arrival_houses_and_road, layout_loops_ring

Action                   || total
-------------------------++-------
Melee: Dagger            ||    11
  Eat: Chunk             ||     1
Dodge: Dodged            ||     8

Table legend:
 A = Non-vault XP
 B = Vault XP
 C = Vault XP percentage of total XP
 D = Non-vault monster count
 E = Vault monster count
 F = Vault count percentage of total count
                 A         B        C        D         E       F
            +---------+---------+-------+---------+---------+-------
      Total |       1 |       0 |   0.0 |       1 |       0 |   0.0
            +---------+---------+-------+---------+---------+-------
        D:1 |       1 |       0 |   0.0 |       1 |       0 |   0.0
            +---------+---------+-------+---------+---------+-------
